 Dungeon Crawl Stone Soup version 0.21.1-1-g345015fe64 (webtiles) character file.

14 PikkenKukken the Sneak (level 2, 0/13 HPs)
             Began as a Spriggan Enchanter on June 9, 2018.
             Slain by a goblin (3 damage)
             ... on level 1 of the Dungeon.
             The game lasted 00:04:34 (1373 turns).

PikkenKukken the Sneak (Spriggan Enchanter)         Turns: 1373, Time: 00:04:35

Health: 0/13       AC:  2    Str:  4    XL:     2   Next: 31%
Magic:  1/7        EV: 18    Int: 16    God:
Gold:   3          SH:  0    Dex: 16    Spells: 4/7 levels left

rFire    . . .     SeeInvis +   a - +1 dagger
rCold    . . .     Gourm    .   (shield restricted)
rNeg     . . .     Faith    .   b - +0 robe
rPois    .         Spirit   .   (helmet restricted)
rElec    .         Reflect  .   (no cloak)
rCorr    .         Harm     .   (gloves unavailable)
MR       .....                  (boots unavailable)
Stlth    +++.......             (no amulet)
HPRegen  0.04/turn              (no ring)
MPRegen  0.10/turn              (no ring)

@: very slightly contaminated, very quick
A: very small, unfitting armour, see invisible, herbivore, speed 3, slow
metabolism 2
a: no special abilities


You were on level 1 of the Dungeon.
You were not hungry.

You visited 1 branch of the dungeon, and saw 1 of its levels.

You collected 3 gold pieces.

Inventory:

Hand Weapons
 a - a +1 dagger (weapon)
Armour
 b - a +0 robe (worn)
Scrolls
 e - 2 scrolls of identify
 f - 4 scrolls of magic mapping
Books
 c - a book of Maledictions

   Spells                             Type                      Level
   a - Corona                         Hexes                        1
   b - Ensorcelled Hibernation        Hexes/Ice                    2
   c - Confuse                        Hexes                        3
   d - Tukima's Dance                 Hexes                        3
   e - Dazzling Spray                 Conjuration/Hexes            3
Comestibles
 d - a ration


   Skills:
 + Level 1.1 Short Blades
 + Level 3.3 Dodging
 + Level 4.7 Stealth
 + Level 3.1 Spellcasting
 + Level 3.8 Hexes


You had 4 spell levels left.
You knew the following spells:

 Your Spells              Type           Power        Failure   Level  Hunger
a - Corona                Hex            ##.....      3%          1    None
b - Ensorcelled Hibernat  Hex/Ice        #.....       13%         2    ##.....


Dungeon Overview and Level Annotations

Branches:
Dungeon (1/15)

Altars:


Innate Abilities, Weirdness & Mutations

You are very small and have problems with some larger weapons.
You are too small for most types of armour.
You have supernaturally acute eyesight. (SInv)
You are a herbivore.
You cover ground extremely quickly.
You need consume almost no food.


Message History

You hit the dart slug but do no damage.
The dart slug is heavily wounded.
The bat closely misses you. The bat hits you but does no damage.
The goblin closely misses you. The dart slug misses you.
You hit the dart slug.
The dart slug is severely wounded.
The bat closely misses you. The bat misses you. The goblin barely misses you.
You completely miss the dart slug.
The dart slug is severely wounded.
The bat closely misses you. The dart slug misses you.
The goblin closely misses you.
You hit the dart slug.
The dart slug is almost dead.
The bat hits you. The bat misses you. The dart slug launches a dart at you.
The slug dart hits you!
Ouch! That really hurt!
* * * LOW HITPOINT WARNING * * *
The goblin hits you.
You die...

...# #.#.#....# *,*
.#.#* #.#.#....######.**
.#..# #.#.............,*
.##.# #.######.#####..**
.##.###......†)# *,,*
..#..###.......# *,,*
#.##.#*#.####..## *,,*
#..#.#...#((#...####,,*
.......##..#.##b@w.#,,*
.#..#..#)#...$#g##.#,,*
.##.#..#[...#%#.#*,#,,*
.*#....##.#..##..*,*,,*
.*##.....#?!#.....,*,,*
.***...#.####..###.*,,**
,,,,#..#........,,,*,,,*
,,,,*...#..####***,**,**
,,,,**,,*,** *,,,,,*


You could see a dart slug, a goblin and a bat.

Vanquished Creatures
  2 giant cockroaches (D:1)
  2 hobgoblins (D:1)
  2 jackals (D:1)
  2 kobolds (D:1)
  A ball python (D:1)
  2 bats (D:1)
  2 rats (D:1)
13 creatures vanquished.

Notes
Turn   | Place    | Note
-------+----------+-------------------------------------------
     0 | D:1      | PikkenKukken the Spriggan Enchanter began the quest for the Orb.
     0 | D:1      | Reached XP level 1. HP: 9/9 MP: 5/5
  1107 | D:1      | Reached XP level 2. HP: 7/13 MP: 5/7
  1257 | D:1      | Learned a level 2 spell: Ensorcelled Hibernation
  1373 | D:1      | Slain by a goblin

Skill      XL: |  1 |
---------------+----+-----
Spellcasting   | 3 |  3.1
Short Blades   | |  1.1
Dodging        | |  3.3
Stealth        | |  4.7
Hexes          | |  3.8

Action                   || total
-------------------------++-------
Melee: Dagger            ||    76
 Cast: Corona            ||    11
       Ensorcelled Hiber ||     5
  Use: Scroll            ||     3
       Potion            ||     1
 Stab: Sleeping          ||     5
Armor: Robe              ||    15
Dodge: Dodged            ||    88
